 Dungeon Crawl Stone Soup version 0.29.1-15-g9cfb28693d (webtiles) character file.

Game seed: 593909674548395514

16 Heoruswealwe the Digger (level 2, 15/15 HPs)
             Began as a Deep Elf Earth Elementalist on Mar 29, 2023.
             Was a Follower of Jiyva.
             Got out of the dungeon alive.
             The game lasted 00:04:38 (471 turns).

Heoruswealwe the Digger (DEEE)                       Turns: 471, Time: 00:04:39

Health: 15/15      AC:  2    Str:  5    XL:     2   Next: 37%
Magic:  8/8        EV: 13    Int: 19    God:    Jiyva [*.....]
Gold:   73         SH:  0    Dex: 21    Spells: 5/8 levels left

rFire   . . .      SeeInvis .   (no weapon)
rCold   . . .      Faith    .   (no shield)
rNeg    . . .      Spirit   .   a - +0 robe
rPois   .          Reflect  .   (no helmet)
rElec   .          Harm     .   (no cloak)
rCorr   +          Rampage  .   (no gloves)
Will    .....                   (no boots)
Stlth   ++........              (no amulet)
HPRegen 0.85/turn               c - +6 ring of dexterity
MPRegen 0.36/turn               d - ring of resist corrosion

@: no status effects
A: no striking features
a: Renounce Religion


You escaped.
You worshipped Jiyva.
Jiyva was aware of your devotion.
You visited 1 branch of the dungeon, and saw 1 of its levels.

You collected 73 gold pieces.

Inventory:

Armour
 a - a +0 robe (worn)
 i - a +1 pair of boots
 j - a +0 robe
Jewellery
 c - a +6 ring of dexterity (left hand)
 d - a ring of resist corrosion (right hand)
Potions
 b - 2 potions of magic
 e - a potion of resistance {unknown}
 f - a potion of lignification {unknown}
 g - a potion of curing {unknown}
 h - a potion of degeneration {unknown}


   Skills:
 - Level 2.4 Dodging
 - Level 2.4 Stealth
 * Level 3.5 Spellcasting
 + Level 1.5 Transmutations
 * Level 3.7 Earth Magic


You had 5 spell levels left.
You knew the following spells:

 Your Spells              Type           Power      Damage    Failure   Level
a - Sandblast             Erth           34%        2d9       3%          1
z - Passwall              Tmut/Erth      10%        N/A       8%          2

Your spell library contained the following spells:

 Spells                   Type           Power      Damage    Failure   Level
 Summon Small Mammal      Summ           12%        N/A       14%         1
 Stone Arrow              Conj/Erth      20%        3d8       21%         3
 Call Canine Familiar     Summ           3%         N/A       41%         3
 Summon Guardian Golem    Hex/Summ       3%         N/A       41%         3
 Petrify                  Tmut/Erth      13%        N/A       43%         4


Dungeon Overview and Level Annotations

Branches:
Dungeon (1/15)

Altars:
Jiyva


Message History

You kill the kobold!
Things that are here:
a +0 short sword; a kobold corpse You see here a +0 robe.
j - a +0 robe Search for what [? for help]? .
Found a faded altar of an unknown god.
A goblin comes into view. It is wielding a +0 dagger.
Found 8 gold pieces.
There is a faded altar of an unknown god here.
The blast of sand hits the goblin!
You kill the goblin!
A rat comes into view.
You see here 8 gold pieces.
Things that are here:
a +0 dagger; a goblin corpse Your line of fire to the rat is blocked by a fungus.
You miscast Sandblast.
You are very lightly contaminated with residual magic.
Nothing appears to happen.
The blast of sand hits the rat!
You kill the rat!
Things that are here:
a +0 dagger; a goblin corpse You now have 73 gold pieces (gained 8).
Your magical contamination has completely faded away.
There is a faded altar of an unknown god here.
You cannot tell which god this altar belongs to.
Convert to them anyway?
Jiyva accepts your prayer! Jiyva welcomes you!
Jiyva begins accelerating your health and magic regeneration.
Magic restored.
You enter the shallow water.
Moving in this stuff is going to be slow.
You enter the shallow water.
Moving in this stuff is going to be slow.
There is a fountain of clear blue water here.
There is a staircase leading out of the dungeon here.
Are you sure you want to leave the Dungeon?
This will make you lose the game!
You have escaped!

# #.# #.# #
#.##########.# ##
##............##### .#
#..########.#.....# .##
#.................# ..#
#...##♣♣♣.♣♣♣##...# ..##
#...# ♣⌠♣ #...# ..÷##
#...♣♣♣♣♣.♣♣♣♣♣..## ....#
#......⌠.@.⌠.....# ..#.#
#...♣♣♣♣♣.♣♣♣♣♣..#
..#.####...# ♣⌠♣ #..#
..#...##...##♣♣♣.♣♣♣##..#
.......#................#
.....#...........#..#####
.....#######........#
.....#######.#..###.#
.....##......#....#.#


There were no monsters in sight!

Vanquished Creatures
  A giant cockroach (D:1)
  5 goblins (D:1)
  A hobgoblin (D:1)
  A kobold (D:1)
  2 ball pythons (D:1)
  3 bats (D:1)
  2 rats (D:1)
15 creatures vanquished.

Notes
Turn   | Place    | Note
-------+----------+-------------------------------------------
     0 | D:1      | Heoruswealwe the Deep Elf Earth Elementalist began the
                  | quest for the Orb.
     0 | D:1      | Reached XP level 1. HP: 10/10 MP: 6/6
   249 | D:1      | Reached XP level 2. HP: 15/15 MP: 4/8
   366 | D:1      | Learned a level 2 spell: Passwall
   401 | D:1      | Found a faded altar of an unknown god.
   424 | D:1      | Prayed at the altar of an unknown god.
   424 | D:1      | Became a worshipper of Jiyva Jase the Shapeless
   424 | D:1      | Reached * piety under Jiyva
   471 | D:$      | Got out of the dungeon alive.

Illustrated notes

Levels and vault maps discovered:
D:1:      scummos_arrival_forest, layout_basic, shapermc_ecumenical_altar_gd,
          chequers_serial_rivers_small_3

Action                   || total
-------------------------++-------
 Cast: Sandblast         ||    18
Armor: Robe              ||     1
